 Dungeon Crawl Stone Soup version 0.31-a0-237-g2d982f9f85 (webtiles) character file.

Game seed: 6651661251057366444

494 qw the Shooter (level 7, 0/43 HPs)
             Began as a Gargoyle Hexslinger on July 10, 2023.
             Slain by a gnoll
             ... wielding a +0 halberd
             ... led by a gnoll bouda
              (2 damage)
             ... on level 5 of the Dungeon.
             The game lasted 00:01:34 (3310 turns).

qw the Shooter (Gargoyle Hexslinger)                Turns: 3310, Time: 00:01:35

Health: 0/43       AC: 16    Str: 11    XL:     7   Next: 15%
Magic:  8/8        EV: 20    Int: 14    God:
Gold:   177        SH:  0    Dex: 14    Spells: 7/8 levels left

rFire   . . .        Y - +0 shortbow
rCold   . . .        (shield currently unavailable)
rNeg    + . .        a - +0 ring mail
rPois   inf          f - +2 helmet
rElec   +            i - +0 cloak
rCorr   +            j - +0 pair of gloves
SInv    .            p - +0 pair of boots
Will    .....        (no amulet)
Stlth   +            b - +5 ring of evasion
HPRegen 0.27/turn    h - ring of Ruree {rCorr EV+5}
MPRegen 0.11/turn

%: no passive effects
@: weakened
A: sickness immunity, AC +4, negative energy resistance 1, electricity
resistance, torment resistance 1, petrification resistance
a: no special abilities


You were on level 5 of the Dungeon.
You visited 1 branch of the dungeon, and saw 5 of its levels.

You collected 177 gold pieces.


Innate Abilities, Weirdness & Mutations

You are immune to sickness and miasma.
Your stone body is resilient. (AC +4)
You are immune to poison.
You resist negative energy. (rN+)
You are resistant to electric shocks. (rElec)
You are resistant to unholy torment.
You are immune to petrification.


   Skills:
 - Level 4.1 Fighting
 + Level 6.1 Ranged Weapons
 - Level 2.2 Armour
 - Level 1.5 Dodging
 - Level 1.0 Spellcasting
 - Level 2.6 Hexes


You had 7 spell levels left.
You knew the following spells:

 Your Spells              Type           Power      Damage    Failure   Level
a - Slow                  Hex            32%        N/A       21%         1

Your spell library contained the following spells:

 Spells                   Type           Power      Damage    Failure   Level
 Inner Flame              Hex/Fire       4%         N/A       71%         3
 Portal Projectile        Hex/Tloc       8%         N/A       71%         3
 Cause Fear               Hex            4%         N/A       90%         4

Inventory:

Hand Weapons
 Y - a +0 shortbow (weapon)
Armour
 a - a +0 ring mail (worn)
 f - a +2 helmet (worn)
 i - a +0 cloak (worn)
 j - a +0 pair of gloves (worn)
 p - a +0 pair of boots (worn)
Jewellery
 b - a +5 ring of evasion (left hand)
 h - the ring of Ruree (right hand) {rCorr EV+5}
   (You found it on level 3 of the Dungeon)

   [ring of evasion]

   EV:        It affects your evasion (+5).
   rCorr:     It protects you from acid and corrosion.
Scrolls
 c - a scroll of identify
Potions
 e - a potion of might
 g - a potion of enlightenment
 k - a potion of mutation {unknown}
 l - a potion of haste
 m - a potion of curing
 n - a potion of resistance {unknown}
 o - a potion of ambrosia {unknown}

Dungeon Overview and Level Annotations

Branches:
Dungeon (5/15)
 Temple: D:4-7

Altars:

Shops:
D:3 (=

Annotations:
D:3 2 transporters


Message History

The arrow hits the gnoll bouda but does no damage.
The gnoll bouda is moderately wounded.
The gnoll barely misses you.
The gnoll bouda barks out a call to the hunt!
The gnoll picks up the pace!
The gnoll hits you but does no damage. The gnoll closely misses you.
The gnoll misses you.
You shoot an arrow.
The arrow barely misses the gnoll bouda.
The gnoll closely misses you. The gnoll bouda barely misses you.
The gnoll hits you but does no damage. The gnoll misses you. x2
You shoot an arrow.
The arrow barely misses the gnoll bouda.
The gnoll is no longer moving quickly.
The gnoll misses you. The gnoll closely misses you. The gnoll bouda misses you.
The gnoll hits you from afar with a +0 halberd.
The gnoll misses you. The gnoll completely misses you.
You shoot an arrow.
The arrow hits the gnoll bouda but does no damage.
The gnoll bouda is moderately wounded.
The gnoll is no longer moving quickly.
The gnoll bouda hits you with a +0 club.
The gnoll misses you. The gnoll closely misses you. x2
The gnoll bouda barks out a call to the hunt!
The gnolls pick up the pace!
The gnoll misses you.
You shoot an arrow. The arrow hits the gnoll bouda.
The gnoll bouda is moderately wounded.
The gnoll is no longer moving quickly.
The gnoll closely misses you. The gnoll hits you but does no damage.
The gnoll closely misses you.
The gnoll hits you from afar with a +0 halberd!
The gnoll bouda barks out a call to the hunt!
The gnoll picks up the pace!
The gnoll completely misses you. The gnoll hits you but does no damage.
You shoot an arrow.
The arrow barely misses the gnoll bouda.
The gnoll closely misses you. The gnoll barely misses you.
The gnoll bouda hits you with a +0 club!
The gnoll hits you from afar with a +0 halberd.
You die...

#.# #.##.#
#. #.#
.....# #.
##.# #..# #.
#..# #... #.
#.## #..%
#.##.##
#.....#<
#.#...##
##.####.
#......###
#.
#.@g.....#
#.
#$gg......#
..
#.#gg...#...
#.
#.##......##
## #.
#......# #.
#....... #.
....... #.
.....


You could see a gnoll bouda and 4 gnolls.

Vanquished Creatures
  A centaur (D:3)
  A kobold brigand (D:4)
  A scorpion (D:5)
  A jelly (D:4)
  2 hounds
  A sleepcap (D:4)
  Natasha (D:2)
  5 adders
  3 worms
  2 dart slugs
  2 orcs
  9 ball pythons
  5 endoplasms
  3 giant cockroaches
  4 goblins (D:2)
  11 hobgoblins
  10 jackals
  12 kobolds
  A quokka (D:4)
  3 bats
  3 frilled lizards
  3 rats
  A spectral goblin (D:2)
85 creatures vanquished.

Notes
Turn   | Place    | Note
-------+----------+-------------------------------------------
     0 | D:1      | qw the Gargoyle Hexslinger began the quest for the Orb.
     0 | D:1      | Reached XP level 1. HP: 12/12 MP: 2/2
     0 | D:1      | 0 ||| qw: Version: 0.3-a-52-g30416fa
     0 | D:1      | 0 ||| qw: Game counter: 5312
     0 | D:1      | 0 ||| qw: Melee chars always use a shield: true
     0 | D:1      | 0 ||| qw: God list: Okawaru
     0 | D:1      | 0 ||| qw: Allow faded altars: false
     0 | D:1      | 0 ||| qw: Do Orc after clearing Dungeon:15 true
     0 | D:1      | 0 ||| qw: Do second Lair branch before Depths: true
     0 | D:1      | 0 ||| qw: Lair rune preference: random
     0 | D:1      | 0 ||| qw: Goals: Normal
     0 | D:1      | 0 ||| PLANNING D:1-11
   139 | D:1      | Reached XP level 2. HP: 15/16 MP: 3/3
   401 | D:1      | Reached skill level 3 in Ranged Weapons
   787 | D:1      | Reached XP level 3. HP: 21/21 MP: 4/4
   994 | D:1      | 994 ||| UPGRADING to +2 helmet.
   999 | D:1      | 999 ||| UPGRADING to +0 pair of gloves.
  1004 | D:1      | 1004 ||| READING scroll labelled ILUIGR POOPE.
  1008 | D:1      | 1008 ||| READING scroll labelled RYUG LOMEU.
  1009 | D:1      | 1009 ||| READING scroll labelled HUSYEB GIULU.
  1010 | D:1      | 1010 ||| DROPPING scroll of poison.
  1222 | D:2      | Found a faded altar of an unknown god.
  1422 | D:2      | 1422 ||| Stepping ~*~*~tactically~*~*~ (water).
  1539 | D:2      | Reached XP level 4. HP: 24/26 MP: 5/5
  1699 | D:2      | 1699 ||| UPGRADING to +0 ring mail.
  1709 | D:2      | 1709 ||| DROPPING +0 robe.
  1710 | D:2      | 1710 ||| UPGRADING to +5 ring of evasion.
  1711 | D:2      | 1711 ||| DRINKING 2 puce potions.
  1745 | D:3      | Noticed a centaur
  1747 | D:3      | Noticed Natasha
  1748 | D:3      | 1748 ||| STAIRDANCE
  1804 | D:3      | 1804 ||| STAIRDANCE
  1820 | D:3      | 1820 ||| STAIRDANCE
  1839 | D:3      | 1839 ||| STAIRDANCE
  1847 | D:2      | Killed Natasha
  1848 | D:2      | Reached skill level 1 in Armour
  1984 | D:3      | Killed a centaur
  1985 | D:3      | Reached skill level 4 in Ranged Weapons
  1985 | D:3      | Reached XP level 5. HP: 30/30 MP: 6/6
  1993 | D:3      | Identified the ring of Ruree {rCorr EV+5}
  1995 | D:3      | 1995 ||| SWAPPING to +0 shortbow.
  1996 | D:3      | 1996 ||| DROPPING +1 sling.
  2014 | D:3      | Reached skill level 5 in Ranged Weapons
  2062 | D:3      | Found a transporter.
  2065 | D:3      | Found Erosmeebb's Jewellery Boutique.
  2067 | D:3      | Found a transporter.
  2395 | D:3      | Reached skill level 3 in Fighting
  2406 | D:3      | Found Zeotem's Weapon Shoppe.
  2663 | D:3      | 2663 ||| UPGRADING to +0 pair of boots.
  2668 | D:3      | 2668 ||| UPGRADING to ring of Ruree {rCorr EV+5}.
  2669 | D:3      | 2669 ||| READING scroll labelled XEZODI RISEZ.
  2670 | D:3      | 2670 ||| READING scroll labelled XUOSESOSYO.
  2671 | D:3      | 2671 ||| READING scroll labelled LAN YXUMANNUAS.
  2672 | D:3      | 2672 ||| READING scroll labelled ORUL YHIR MOANALU.
  2673 | D:3      | 2673 ||| DRINKING 2 ruby potions.
  2801 | D:4      | Reached XP level 6. HP: 37/37 MP: 7/7
  3080 | D:4      | 3080 ||| UPGRADING to +0 cloak.
  3085 | D:4      | 3085 ||| DRINKING 2 blue potions.
  3086 | D:4      | 3086 ||| READING 3 scrolls of identify.
  3086 | D:4      | 3086 ||| IDENTIFYING bubbling purple potion
  3087 | D:4      | 3087 ||| READING 2 scrolls of identify.
  3087 | D:4      | 3087 ||| IDENTIFYING black potion
  3093 | D:5      | Entered Level 5 of the Dungeon
  3101 | D:5      | 3101 ||| STAIRDANCE
  3121 | D:4      | HP: 5/37 [kobold brigand/+0 club (6)]
  3122 | D:4      | 3122 ||| DRINKING potion of heal wounds.
  3143 | D:4      | Reached skill level 6 in Ranged Weapons
  3199 | D:5      | 3199 ||| STAIRDANCE
  3214 | D:4      | Reached XP level 7. HP: 41/41 MP: 8/8
  3309 | D:5      | HP: 9/43 [gnoll/+0 halberd[a gnoll bouda] (9)]
  3310 | D:5      | HP: 2/43 [gnoll bouda/+0 club (7)]
  3310 | D:5      | Slain by a gnoll

Levels and vault maps discovered:
D:1:      dpeg_arrival_tiny_a, layout_loops_corners, kennysheep_doodads
D:2:      layout_loops_ring, dreamdust_ecumenical_altar_drowned_temple,
          chequers_serial_rivers_large_b, minmay_liquid_box
D:3:      layout_basic, serial_shops, nicolae_shop_drivethru,
          nicolae_shop_back_alley_shop, uniq_natasha
D:4:      layout_gridville
D:5:      layout_loops_ring, kennysheep_mini

Skill      XL: |  1  2  3  4  5  6  7 |
---------------+----------------------+-----
Ranged Weapons | 3 4 5 6 |  6.1
Fighting       | 2 3 4 |  4.1
Armour         | 1 2 |  2.2
Dodging        | |  1.5
Spellcasting   | |  1.0
Hexes          | |  2.6

Action                     |  1- 3 |  4- 6 |  7- 9 || total
---------------------------+-------+-------+-------++-------
   Fire: Sling             |   138 |    32 |       ||   170
         Shortbow          |       |   183 |    39 ||   222
    Use: Scroll            |     3 |     6 |       ||     9
         Potion            |       |     4 |       ||     4
 Armour: Robe              |    31 |     1 |       ||    32
         Ring mail         |       |   109 |    15 ||   124
  Dodge: Dodged            |    54 |   256 |    63 ||   373

Table legend:
 A = Non-vault XP
 B = Vault XP
 C = Vault XP percentage of total XP
 D = Non-vault monster count
 E = Vault monster count
 F = Vault count percentage of total count
                 A         B        C        D         E       F
            +---------+---------+-------+---------+---------+-------
      Total |     671 |      36 |   5.1 |      83 |       2 |   2.4
            +---------+---------+-------+---------+---------+-------
        D:1 |      38 |       0 |   0.0 |      20 |       0 |   0.0
        D:2 |      46 |      36 |  43.9 |      17 |       2 |  10.5
        D:3 |     191 |       0 |   0.0 |      24 |       0 |   0.0
        D:4 |     267 |       0 |   0.0 |      20 |       0 |   0.0
        D:5 |     129 |       0 |   0.0 |       2 |       0 |   0.0
            +---------+---------+-------+---------+---------+-------
